 Dungeon Crawl Stone Soup version 0.19-a0-1311-gdcfd90a (webtiles) character file.

24027 IcyTea the Basher (level 13, -19/79 HPs)
             Began as a Gargoyle Fighter on Aug 31, 2016.
             Was an Elder of Zin.
             Demolished by a very large slime creature (41 damage)
             ... on level 12 of the Dungeon.
             The game lasted 01:09:56 (10823 turns).

IcyTea the Basher (Gargoyle Fighter)               Turns: 10823, Time: 01:09:58

Health: -19/79     AC: 36    Str: 25    XL:     13   Next: 10%
Magic:  22/22      EV:  6    Int: 11    God:    Zin [****..]
Gold:   251        SH: 13    Dex: 16    Spells: 0 memorised, 12 levels left

rFire  . . .     SeeInvis +     a - +2 flail (crush)
rCold  + . .     Gourm    .     t - +9 plate armour of the Hundredfold Songs {Str+2 Slay+5 SInv}
rNeg   + . .     Faith    .     c - +1 shield
rPois  ∞         Spirit   .     B - +0 helmet
rElec  +         Dismiss  .     r - +0 cloak
rCorr  .         Reflect  .     q - +0 pair of gloves
MR     ++...     Harm     .     n - +0 pair of boots
Stlth  ..........               E - amulet "Bebuv" {RegenMP MR+ Str+4 Dex+3}
                                m - ring of protection from magic
                                y - ring of protection from cold

@: no status effects
A: negative energy resistance 1, electricity resistance, unbreathing,
petrification resistance, rot immunity, AC +9
a: Recite, Vitalisation, Imprison, Donate Gold, Renounce Religion


You were on level 12 of the Dungeon.
You worshipped Zin.
Zin was greatly pleased with you.
You were not hungry.

You visited 2 branches of the dungeon, and saw 14 of its levels.
You also visited: Labyrinth.

You collected 719 gold pieces.
You spent 220 gold pieces at shops.
You donated 248 gold pieces to Zin.

Inventory:

Hand Weapons
 a - a +2 flail of crushing (weapon)
 b - a +0 hand crossbow
 H - a +0 morningstar
Missiles
 x - 56 bolts
Armour
 c - a +1 shield (worn)
 n - a +0 pair of boots (worn)
 q - a +0 pair of gloves (worn)
 r - a +0 cloak (worn)
 t - the +9 plate armour of the Hundredfold Songs (worn) {Str+2 Slay+5 SInv}
   (You found it on level 7 of the Dungeon)

   It affects your strength (+2).
   It affects your accuracy and damage with ranged weapons and melee attacks
   (+5).
   It lets you see invisible.
 B - a +0 helmet (worn)
Jewellery
 h - a +2 amulet of reflection
 m - a ring of protection from magic (right hand)
 y - a ring of protection from cold (left hand)
 C - an uncursed ring of ice
 E - the amulet "Bebuv" (around neck) {RegenMP MR+ Str+4 Dex+3}
   (You found it in a labyrinth)

   [amulet of magic regeneration]

   It increases your magic regeneration.
   It affects your strength (+4).
   It affects your dexterity (+3).
   It affects your resistance to hostile enchantments.
 G - an uncursed ring of resist corrosion
Wands
 d - a wand of slowing (18/48)
 o - a wand of confusion (15/48)
 s - a wand of heal wounds (1/9)
 u - a wand of teleportation (0/9)
 v - a wand of digging (15/24)
 w - a wand of lightning (4/15)
 D - a wand of lightning (9/15)
 F - a wand of paralysis (13/24)
Scrolls
 e - 3 scrolls of fear
 g - a scroll of teleportation
 j - a scroll of immolation
 l - 4 scrolls of identify
 z - 4 scrolls of remove curse
Potions
 i - 2 potions of agility
 p - 5 potions of curing
Comestibles
 f - 14 bread rations
 k - a meat ration


   Skills:
 - Level 8.3 Fighting
 + Level 13.2 Maces & Flails
 - Level 6.4 Crossbows
 - Level 7.0 Armour
 - Level 8.5 Shields
 - Level 12.0 Invocations


You had 12 spell levels left.
You didn't know any spells.

Dungeon Overview and Level Annotations

Branches:
Dungeon (13/15)            Temple (1/1) D:6            Lair (0/6) D:11
    Orc (0/2) D:12
 Vaults: D:13-14

Altars:
Ashenzari
Cheibriados
Dithmenos
Elyvilon
Fedhas
Gozag
Hepliaklqana
Kikubaaqudgha
Makhleb
Nemelex Xobeh
Okawaru
Qazlal
Ru
Sif Muna
Trog
Uskayaw
Vehumet
Xom
Yredelemnul
Zin
The Shining One
Beogh

Shops:
D:3 *   D:4 *   D:5 }   D:7 [

Annotations:
D:4 Edmund
D:13 Urug


Innate Abilities, Weirdness & Mutations

You are resistant to torment.
Your stone body is resilient. (AC +9)
You are immune to poison.
You resist negative energy. (rN+)
You are resistant to electric shocks. (rElec)
You can survive without breathing.
You are immune to petrification.
You are immune to rotting.


Message History

You block the wyvern's attack.
The crocodile bites you but does no damage.
You block the wyvern's attack.
The very large slime creature hits you but does no damage.
You sock the very large slime creature!
The very large slime creature is lightly wounded.
The wyvern bites you.
* * * LOW HITPOINT WARNING * * *
The crocodile bites you but does no damage.
You hit the wyvern.
You kill the wyvern!
The very large slime creature hits you!!
Zin protects you from harm!
You sock the scorpion!
The scorpion is heavily wounded.
The crocodile bites you but does no damage.
You block the scorpion's attack.
The very large slime creature hits you!!!
Ouch! That really hurt!
You die...

########## #############.........
######.............#...)...
#######......##...########..)..≈≈
........#######....# #.....≈#
.######## ##s#.# ####.#≈# ######
#@#.# #...#≈#
>....###########Jt.## #.##≈≈#
...).........)......# #.##≈##
###)###....###.###..# ##.####.
##.####...# #.# ##.# #..# #..
##.....#######.# #.### #.## #..
#....[..## ##..# #...## #.# ##.
.(....[..# #..## #....# #.# ##
.........###.## ##.#.###.#


You could see a very large slime creature, a crocodile and a scorpion.

Vanquished Creatures
  Gastronok (D:12)
  An orc warlord (D:12)
  A minotaur (Lab)
  Fannar (D:11)
  Erolcha (D:9)
  Harold (D:11)
  An ice dragon (D:12)
  3 hydras
  The ghost of Vergil the Slinger, a novice DsAr of Cheibriados (D:8)
  2 hill giants
  2 ugly things
  A wolf spider zombie (D:12)
  Psyche (D:10)
  A kobold demonologist (D:11)
  A troll (D:11)
  A two-headed ogre (shapeshifter) (D:12)
  Sigmund (D:4)
  A redback (Lab)
  11 yaks
  A spriggan (D:7)
  2 wyverns (D:12)
  A basilisk (D:12)
  3 hippogriffs
  11 hungry ghosts
  A steam dragon (D:12)
  Duvessa (D:5)
  A water moccasin (D:8)
  3 black bears
  5 orc warriors
  5 ice beasts
  3 phantoms
  A sky beast (D:5)
  2 wasps
  9 ogres
  7 centaurs
  Blork the orc (D:5)
  A crocodile (D:10)
  25 big kobolds
  10 giant frogs
  A gnoll sergeant (D:9)
  A wyvern zombie (D:12)
  Dowan (D:5)
  5 killer bees (D:9)
  4 scorpions
  A howler monkey (D:5)
  3 crimson imps
  A giant frog skeleton (D:6)
  2 giant frog zombies
  A centaur zombie (D:7)
  4 jellies
  Crazy Yiuf (D:6)
  3 hounds
  6 orc priests
  7 orc wizards
  A gnoll shaman (D:8)
  4 iguanas
  4 worker ants
  Ijyb (D:3)
  Natasha (thrice) (D:3)
  A hound zombie (D:9)
  2 hound skeletons
  17 adders
  7 gnolls
  6 shadow imps
  A worm (D:3)
  A dart slug (D:5)
  2 giant geckos (D:3)
  32 orcs
  A ball python (D:1)
  9 bats
  7 giant cockroaches
  4 goblins
  8 hobgoblins
  9 jackals
  26 kobolds
  A quokka (D:10)
  3 giant gecko zombies
  6 giant newts (D:1)
  A quokka zombie (D:7)
  11 rats
335 creatures vanquished.

Vanquished Creatures (others)
  A gnoll (D:7)
1 creature vanquished.

Grand Total: 336 creatures vanquished

Notes
Turn   | Place    | Note
-------+----------+-------------------------------------------
     0 | D:1      | IcyTea the Gargoyle Fighter began the quest for the Orb.
     0 | D:1      | Reached XP level 1. HP: 14/14 MP: 1/1
   165 | D:1      | Reached XP level 2. HP: 19/19 MP: 2/2
   303 | D:1      | Reached skill level 3 in Maces & Flails
   684 | D:1      | Reached XP level 3. HP: 22/23 MP: 3/3
   900 | D:2      | Reached skill level 4 in Maces & Flails
   908 | D:2      | Reached XP level 4. HP: 25/28 MP: 4/4
  1225 | D:3      | Noticed Ijyb
  1227 | D:3      | Found a burning altar of Makhleb.
  1301 | D:3      | Killed Ijyb
  1359 | D:3      | Found Gozag's Platinum Reserve.
  1369 | D:3      | Found an opulent altar of Gozag.
  1639 | D:3      | Reached skill level 5 in Maces & Flails
  1639 | D:3      | Reached XP level 5. HP: 30/32 MP: 5/5
  2080 | D:3      | Noticed Natasha
  2084 | D:3      | Killed Natasha
  2291 | D:4      | Noticed Edmund
  2291 | D:4      | Noticed an ogre
  2293 | D:4      | Noticed Sigmund
  2305 | D:3      | Killed an ogre
  2305 | D:3      | Reached skill level 6 in Maces & Flails
  2305 | D:3      | Reached XP level 6. HP: 24/37 MP: 6/6
  2510 | D:3      | Noticed Natasha
  2530 | D:3      | Killed Natasha
  2584 | D:3      | Noticed Natasha
  2593 | D:3      | Killed Natasha
  2814 | D:4      | Reached skill level 7 in Maces & Flails
  2815 | D:4      | Found Genar's General Store.
  2824 | D:4      | Bought a scroll of brand weapon for 220 gold pieces
  3027 | D:5      | Entered Level 5 of the Dungeon
  3060 | D:4      | Killed Sigmund
  3060 | D:4      | Reached XP level 7. HP: 38/41 MP: 7/7
  3248 | D:5      | Noticed Blork the orc
  3256 | D:5      | Noticed Duvessa
  3264 | D:5      | Noticed Dowan
  3271 | D:5      | Killed Blork the orc
  3271 | D:5      | Reached skill level 8 in Maces & Flails
  3285 | D:5      | Killed Duvessa
  3290 | D:5      | Killed Dowan
  3335 | D:5      | Reached skill level 9 in Maces & Flails
  3335 | D:5      | Reached XP level 8. HP: 44/46 MP: 8/8
  3745 | D:5      | Found Qeacs's Gadget Shop.
  3755 | D:5      | Got an ichor-stained dagger
  3756 | D:5      | Identified the +6 dagger "Pocruevi" {distort, +Rage rElec rPois MR-} (You found it on level 5 of the Dungeon)
  3803 | D:5      | Reached skill level 10 in Maces & Flails
  4102 | D:6      | Found a staircase to the Ecumenical Temple.
  4107 | Temple   | Entered the Ecumenical Temple
  4150 | Temple   | Became a worshipper of Zin the Law-Giver
  4150 | Temple   | Reached * piety under Zin
  4359 | D:6      | Found a blossoming altar of Fedhas.
  4645 | D:6      | Reached skill level 11 in Maces & Flails
  4656 | D:6      | Reached XP level 9. HP: 14/52 MP: 9/9
  4792 | D:6      | Found a hazy altar of Hepliaklqana.
  4877 | D:6      | Reached skill level 5 in Fighting
  5097 | D:6      | Found a runed door.
  5102 | D:6      | Noticed Crazy Yiuf
  5108 | D:6      | Killed Crazy Yiuf
  5267 | D:7      | Reached ** piety under Zin
  5279 | D:7      | Found Cegrub's Antique Armour Emporium.
  5284 | D:7      | Donated 82 gold pieces to Zin
  5296 | D:7      | Found a shimmering altar of Xom.
  5425 | D:7      | Got a spiked plate armour
  5426 | D:7      | Identified the +9 plate armour of the Hundredfold Songs {Str+2 Slay+5 SInv} (You found it on level 7 of the Dungeon)
  5481 | D:7      | Reached *** piety under Zin
  5519 | D:7      | Found a hide-covered altar of Uskayaw.
  6270 | D:8      | Noticed Vergil's ghost (novice DsAr)
  6282 | D:8      | Killed Vergil's ghost
  6282 | D:8      | Reached XP level 10. HP: 56/64 MP: 10/10
  6344 | D:8      | Noticed a five-headed hydra
  6362 | D:8      | Killed a five-headed hydra
  6399 | D:8      | Found a hide-covered altar of Uskayaw.
  6820 | D:9      | Reached skill level 5 in Armour
  7214 | D:9      | Noticed Erolcha
  7224 | D:9      | Killed Erolcha
  7290 | D:9      | Found a sparkling altar of Nemelex Xobeh.
  7712 | D:10     | Entered Level 10 of the Dungeon
  7759 | D:10     | Reached XP level 11. HP: 69/69 MP: 14/14
  7785 | D:10     | Noticed Psyche
  7791 | D:10     | Killed Psyche
  7791 | D:10     | Reached skill level 5 in Invocations
  7801 | D:10     | Noticed a red ugly thing
  7833 | D:10     | Killed a red ugly thing
  7956 | D:10     | Noticed a hill giant
  7974 | D:10     | Killed a hill giant
  7999 | D:10     | Donated 117 gold pieces to Zin
  8527 | D:11     | Noticed Harold
  8545 | D:11     | Killed Harold
  8565 | D:11     | Found a staircase to the Lair.
  8606 | D:11     | Noticed Fannar
  8641 | D:11     | Killed Fannar
  8641 | D:11     | Reached skill level 10 in Invocations
  8698 | D:11     | Found a labyrinth entrance.
  8750 | Lab      | Entered a labyrinth
  9107 | Lab      | Noticed a minotaur
  9121 | Lab      | Killed a minotaur
  9121 | Lab      | Reached XP level 12. HP: 27/75 MP: 20/20
  9136 | Lab      | Got a smoking zirconium amulet
  9186 | D:11     | Identified the amulet "Bebuv" {RegenMP MR+ Str+4 Dex+3} (You found it in a labyrinth)
  9748 | D:11     | Reached skill level 1 in Crossbows
  9874 | D:12     | Noticed a five-headed hydra
  9888 | D:11     | Killed a five-headed hydra
  9970 | D:12     | Found a staircase to the Orcish Mines.
  9984 | D:12     | Noticed Gastronok
 10006 | D:12     | Killed Gastronok
 10059 | D:12     | Reached **** piety under Zin
 10087 | D:12     | Found a roughly hewn altar of Beogh.
 10323 | D:12     | Found a runed door.
 10547 | D:12     | Noticed a five-headed hydra
 10559 | D:12     | Noticed an orc warlord
 10564 | D:12     | Killed a five-headed hydra
 10564 | D:12     | Reached skill level 12 in Maces & Flails
 10573 | D:12     | Noticed an ice dragon
 10587 | D:12     | Killed an orc warlord
 10587 | D:12     | Reached XP level 13. HP: 27/79 MP: 22/22
 10600 | D:12     | Killed an ice dragon
 10603 | D:12     | Reached skill level 13 in Maces & Flails
 10787 | D:13     | Noticed Urug
 10822 | D:12     | Zin protects you from harm!
 10823 | D:12     | Demolished by a very large slime creature

Vault maps used:
D:1:      minmay_arrival_solitary_statue, minmay_bisected
D:2:      serial_park_tiny_1
D:3:      nicolae_gozag_zags_fifth_avenue, bloody_makhleb, uniq_iyjb,
          uniq_natasha
D:4:      serial_shops, shop, minmay_tree_intersection, kennysheep_nub,
          uniq_sigmund, uniq_edmund
D:5:      serial_shops, nicolae_shop_trees, first_bread, minmay_small_thing,
          uniq_blork_the_orc, uniq_duvessa
D:6:      kennysheep_mini_moat, basic_altar, uniq_crazy_yiuf_cottage
D:7:      basic_altar, serial_shops, shop, the_bakery, grunt_ministairs_7,
          xom_confusion_cloud
D:8:      lemuel_doored_altar
D:9:      kennysheep_mini, uniq_erolcha
D:10:     uniq_psyche
D:11:     due_lair_maze_entry_diamond, lab_entry_generic, small_statue_alley_a,
          uniq_fannar, uniq_harold
D:12:     minmay_orc_entry_temple_small, lightli_airlock, uniq_gastronok
D:13:     lightli_vaults_fourway_checkpoint, uniq_urug
Temple:   nicolae_temple_elliptical
Lab:      nicolae_lab_hexagon, nicolae_lab_quarters, nicolae_lab_stuck,
          nicolae_lab_statue, lab_fountain, nicolae_lab_blocks,
          nicolae_lab_do_over, labyrinth_skeletal_remains, nicolae_lab_diamond,
          nicolae_lab_x

Skill      XL: |  1  2  3  4  5  6  7  8  9 10 11 12 13 |
---------------+----------------------------------------+-----
Maces & Flails | 3 4 5 6 7 9 11 12 13 | 13.2
Fighting       | 4 8 |  8.3
Shields        | 7 8 |  8.5
Armour         | 7 |  7.0
Invocations    | 4 11 12 | 12.0
Crossbows      | 6 |  6.4

Action                   |  1- 3 |  4- 6 |  7- 9 | 10-12 | 13-15 || total
-------------------------+-------+-------+-------+-------+-------++-------
Melee: Flail             |   146 |    66 |   243 |   689 |    38 ||  1182
       Unarmed           |       |     1 |       |       |       ||     1
       Whip              |       |   132 |   134 |       |       ||   266
 Fire: Hand crossbow     |       |       |       |     6 |       ||     6
Invok: Recite            |       |       |     4 |    19 |     2 ||    25
       Donate Gold       |       |       |     1 |     1 |       ||     2
Evoke: Wand              |       |       |       |     5 |       ||     5
  Use: Scroll            |     7 |     3 |     7 |     3 |       ||    20
       Potion            |     2 |     1 |     1 |     8 |     2 ||    14
 Stab: Confused          |       |       |       |     1 |       ||     1
  Eat: Chunk             |       |     7 |     8 |     9 |       ||    24
       Pizza             |       |       |     1 |       |       ||     1
       Fruit             |       |       |       |     3 |       ||     3
       Beef jerky        |       |       |       |     5 |       ||     5
       Meat ration       |       |       |       |     2 |       ||     2
Armor: Scale mail        |    92 |    73 |   120 |       |       ||   285
       Skin              |       |     6 |       |       |       ||     6
       Plate armour      |       |       |    29 |   277 |    22 ||   328
Dodge: Dodged            |    71 |    45 |    36 |    77 |     7 ||   236
Block: Shield            |    91 |    69 |   134 |   392 |    37 ||   723
       Reflection        |       |       |       |     8 |       ||     8
